 Dungeon Crawl Stone Soup version 0.24.0-123-gd5b16e6ec5 (webtiles) character file.

Game seed: 15319743816494902223, levelgen mode: deterministic

263 PigIron the Grave Robber (level 6, -14/45 HPs)
             Began as a Hill Orc Necromancer on Jan 31, 2020.
             Demolished by an ogre
             ... wielding a +0 giant club
              (21 damage)
             ... on level 4 of the Dungeon on Feb 11, 2020.
             The game lasted 00:25:22 (3537 turns).

PigIron the Grave Robber (Hill Orc Necromancer)     Turns: 3537, Time: 00:25:22

Health: -14/45     AC:  2    Str: 11    XL:     6   Next: 19%
Magic:  15/19      EV: 12    Int: 17    God:
Gold:   174        SH:  0    Dex: 11    Spells: 6/11 levels left

rFire    . . .     SeeInvis .   e - +0 short sword
rCold    . . .     Gourm    .   (no shield)
rNeg     . . .     Faith    .   a - +0 robe
rPois    .         Spirit   .   (no helmet)
rElec    .         Reflect  .   (no cloak)
rCorr    .         Harm     .   (no gloves)
MR       .....                  (no boots)
Stlth    ++........             (no amulet)
HPRegen  0.15/turn              b - ring of magical power
MPRegen  0.16/turn              (no ring)

@: no status effects
A: no striking features
a: no special abilities


You were on level 4 of the Dungeon.
You were very hungry.

You visited 1 branch of the dungeon, and saw 4 of its levels.

You collected 174 gold pieces.

Inventory:

Hand Weapons
 e - a +0 short sword (weapon)
Armour
 a - a +0 robe (worn)
 i - a +2 leather armour of fire resistance
Jewellery
 b - a ring of magical power (left hand)
Scrolls
 d - 7 scrolls of identify {unknown}
 g - 4 scrolls of remove curse {unknown}
 h - 2 scrolls of amnesia {unknown}
 k - a scroll of blinking {unknown}
 l - 3 scrolls of magic mapping {unknown}
 o - 2 scrolls of teleportation {unknown}
 p - 2 scrolls of enchant armour {unknown}
Potions
 f - 4 potions of curing {unknown}
 j - 2 potions of degeneration {unknown}
 m - a potion of might {unknown}
Comestibles
 c - 3 rations


   Skills:
 - Level 2.0 Dodging
 - Level 1.5 Stealth
 + Level 3.3 Spellcasting
 + Level 5.9 Necromancy


You had 6 spell levels left.
You knew the following spells:

 Your Spells              Type           Power        Failure   Level  Hunger
a - Pain                  Necr           ###.         1%          1    None
b - Animate Skeleton      Necr           N/A          1%          1    None
c - Vampiric Draining     Necr           ###.......   4%          3    ###....

Your spell library contained the following spells:

 Spells                   Type           Power        Failure   Level  Hunger
 Animate Dead             Necr           N/A          14%         4    ####...
 Regeneration             Chrm/Necr      ##........   16%         3    ###....


Dungeon Overview and Level Annotations

Branches:
Dungeon (4/15)
 Temple: D:4-7

Altars:
Xom
The Shining One


Message History

Confirm with . or Enter, or press ? or * to list all spells.
Aiming: Pain (safe; 1% risk of failure)
Press: ? - help, Shift-Dir - straight line, f/p - ogre
Aim: an ogre, wielding a +0 giant club (lightly wounded, chance to defeat MR: 81%)
The ogre writhes in agony.
The ogre barely misses you.
Casting: Pain (safe; 1% risk of failure)
Confirm with . or Enter, or press ? or * to list all spells.
Aiming: Pain (safe; 1% risk of failure)
Press: ? - help, Shift-Dir - straight line, f/p - ogre
Aim: an ogre, wielding a +0 giant club (moderately wounded, chance to defeat MR: 81%)
The ogre writhes in agony.
The ogre hits you with a +0 giant club!
* * * LOW HITPOINT WARNING * * *
Casting: Pain (safe; 1% risk of failure)
Confirm with . or Enter, or press ? or * to list all spells.
Aiming: Pain (safe; 1% risk of failure)
Press: ? - help, Shift-Dir - straight line, f/p - ogre
Aim: an ogre, wielding a +0 giant club (moderately wounded, chance to defeat MR: 81%)
The ogre writhes in agony.
The ogre hits you with a +0 giant club!!
You die...

.### #.# ..# .#
########.# ..# .#
#.....##.##..##
.#####...>.#.......#
....##...........#...
###.##.....#.##..#
........<..#.##..#
.##...####.#.##O##
.##...####.#.##.@#
.##.....##.#######
.###..#.####
.###..#.## .........#
#######.## #.## #..#
####


You could see an ogre.

Vanquished Creatures
  A scorpion (D:4)
  2 hounds (D:4)
  A worker ant (D:4)
  4 adders
  An ooze (D:2)
  3 worms
  A leopard gecko (D:3)
  4 orcs
  9 bats
  3 giant cockroaches
  8 goblins
  4 hobgoblins
  3 jackals (D:1)
  12 kobolds
  A quokka (D:3)
  5 frilled lizards
  13 rats
75 creatures vanquished.

Vanquished Creatures (collateral kills)
  An adder (D:3)
  A hobgoblin (D:1)
  A kobold (D:2)
3 creatures vanquished.

Grand Total: 78 creatures vanquished

Notes
Turn   | Place    | Note
-------+----------+-------------------------------------------
     0 | D:1      | PigIron the Hill Orc Necromancer began the quest for the
                  | Orb.
     0 | D:1      | Reached XP level 1. HP: 14/14 MP: 3/3
   408 | D:1      | Reached XP level 2. HP: 18/20 MP: 4/4
   824 | D:1      | Reached XP level 3. HP: 5/26 MP: 0/5
  1099 | D:1      | Learned a level 1 spell: Animate Skeleton
  1103 | D:1      | Learned a level 3 spell: Vampiric Draining
  1869 | D:2      | Reached XP level 4. HP: 13/33 MP: 6/7
  2456 | D:3      | Reached skill level 5 in Necromancy
  2709 | D:3      | Reached XP level 5. HP: 30/38 MP: 3/8
  3042 | D:3      | Found a shimmering altar of Xom.
  3044 | D:3      | Found a hazy altar of Hepliaklqana.
  3044 | D:3      | Found a hazy altar of Hepliaklqana.
  3046 | D:3      | Found a hide-covered altar of Uskayaw.
  3046 | D:3      | Found a glowing golden altar of the Shining One.
  3046 | D:3      | Found a hide-covered altar of Uskayaw.
  3366 | D:4      | Reached XP level 6. HP: 29/45 MP: 3/10
  3537 | D:4      | Demolished by an ogre

Levels and vault maps discovered:
D:1:      minmay_arrival_five_plusses, layout_rooms,
          chequers_serial_rivers_small_3
D:2:      layout_loops_ring, minmay_misc_feat_hallway, minmay_hexomino_f4
D:3:      layout_basic, doesnt_xom_only_xom
D:4:      minmay_chambers_of_fours, layout_loops_cross, minmay_checkerbox,
          uniq_pikel

Skill      XL: |  1  2  3  4  5 |
---------------+----------------+-----
Dodging        | 2 |  2.0
Spellcasting   | 2 3 |  3.3
Necromancy     | 5 |  5.9
Stealth        | |  1.5

Action                   |  1- 3 |  4- 6 || total
-------------------------+-------+-------++-------
Melee: Short sword       |     2 |     2 ||     4
 Cast: Pain              |    79 |    84 ||   163
       Animate Skeleton  |     5 |     7 ||    12
       Vampiric Draining |       |     8 ||     8
  Eat: Chunk             |     4 |     6 ||    10
Armor: Robe              |     4 |     3 ||     7
Dodge: Dodged            |    11 |    33 ||    44
